Map: Efflorescence LE

Players

ShiaLaBeouf - Winner!

  • Race: Protoss Protoss
  • Spawn Location: 3:00

TGCid - Winner!

  • Race: Protoss Protoss
  • Spawn Location: 12:00

VOD

Have the link to the VOD?

Description

Time

  • Played on: March 27, 2020, 5:13 p.m.
  • Length: 17:33
Show
View Real Time Build Order
Export as new Build Order

ShiaLaBeouf Protoss - Winner!

Build Orders:  

Get SALT Encoding   

  12  0:04  Probe (Chrono Boost)  
  14  0:21  Probe (Chrono Boost)  
  14  0:31  Pylon  
  14  0:38  Probe (Chrono Boost)  
  15  0:57  Gateway  
  15  0:58  Probe (Chrono Boost)  
  16  1:04  Assimilator  
  16  1:15  Probe (Chrono Boost)  
  17  1:22  Gateway  
  17  1:32  Probe (Chrono Boost)  
  17  1:39  Pylon  
  18  1:49  Probe (Chrono Boost)  
  19  2:04  Cybernetics Core  
  19  2:11  Assimilator  
  19  2:15  Probe (Chrono Boost)  
  20  2:33  Probe (Chrono Boost)  
  20  2:36  Pylon  
  25  3:08  Probe  
  26  3:24  Unknown  
  26  3:25  Unknown  
  26  3:28  Unknown x2  
  26  3:33  Stargate  
  26  4:05  Nexus  
  26  4:07  Pylon  
  26  4:10  Probe  
  26  4:12  Warp Gate (Chrono Boost)  
  27  4:21  Unknown x2  
  27  4:42  Unknown x2  
  27  4:59  Oracle (Chrono Boost)  
  30  5:10  Probe  
  30  5:18  Assimilator  
  31  5:24  Forge  
  31  5:27  Probe  
  31  5:29  Twilight Council  
  32  5:44  Probe (Chrono Boost)  
  32  5:46  Gateway, Oracle (Chrono Boost)  
  32  5:49  Probe (Chrono Boost)  
  37  6:01  Probe (Chrono Boost)  
  38  6:12  Assimilator  
  38  6:14  Probe (Chrono Boost)  
  39  6:29  Probe  
  40  6:35  Probe  
  41  6:46  Probe  
  42  6:52  Zealot x2, Probe  
  47  7:10  Robotics Facility  
  47  7:22  Probe x2  
  47  7:24  Pylon  
  49  7:36  Charge (Chrono Boost)  
  49  7:39  Probe x2  
  51  7:40  Shield Battery  
  51  7:47  Zealot x2  
  55  8:37  Probe x2  
  57  8:48  Pylon  
  57  8:50  Protoss Ground Armor Level 1 (Chrono Boost)  
  57  8:51  Pylon  
  57  8:52  Photon Cannon  
  57  8:53  Probe  
  57  8:55  Immortal (Chrono Boost)  
  57  8:58  Sentry  
  57  8:59  Sentry x2, Pylon  
  68  9:11  Pylon  
  68  9:38  Immortal (Chrono Boost)  
  68  9:49  Sentry x2  
  76  9:50  Sentry  
  76  9:55  Probe x2  
  80  10:03  Forge  
  80  10:09  Pylon  
  80  10:25  Pylon  
  80  10:28  Pylon  
  80  10:38  Gateway  
  81  10:40  Gateway  
  81  10:41  Gateway  
  81  10:42  Observer (Chrono Boost)  
  81  11:16  Nexus  
  81  11:19  Pylon  
  77  12:13  Photon Cannon  
  77  12:18  Shield Battery  
  77  12:22  Assimilator  
  77  12:24  Zealot x2  
  77  12:25  Zealot x2  
  77  12:26  Zealot x2  
  77  12:28  Assimilator  
  89  12:36  Probe  
  89  12:37  Probe  
  91  12:53  Probe  
  91  12:58  Protoss Ground Armor Level 2 (Chrono Boost)  
  92  13:02  Protoss Ground Weapons Level 1 (Chrono Boost)  
  92  13:12  Immortal (Chrono Boost)  
  96  13:32  Probe x2  
  96  13:33  Probe  
  99  13:59  Immortal (Chrono Boost)  
  99  14:06  Robotics Facility  
  103  14:11  Photon Cannon  
  103  14:34  Templar Archives  
  103  14:37  Robotics Bay  
  103  14:40  Pylon  
  90  14:50  Immortal  
  107  15:31  Probe (Chrono Boost)  
  108  15:44  Colossus (Chrono Boost), Probe (Chrono Boost)  
  109  15:52  Colossus (Chrono Boost)  
  109  15:57  Probe (Chrono Boost)  
  122  16:19  High Templar x2  
  126  16:20  High Templar x2  
  126  16:21  High Templar x2  
  126  16:25  Archon  
  126  16:26  Archon  
  126  16:27  Archon  
Show
View Real Time Build Order
Export as new Build Order

TGCid Protoss - Winner!

Build Orders:  

Get SALT Encoding   

  12  0:03  Probe (Chrono Boost)  
  14  0:20  Probe (Chrono Boost)  
  14  0:27  Pylon  
  14  0:38  Probe (Chrono Boost)  
  15  0:55  Gateway, Probe (Chrono Boost)  
  16  1:08  Assimilator  
  17  1:12  Probe (Chrono Boost)  
  17  1:29  Probe (Chrono Boost)  
  18  1:32  Gateway  
  18  1:39  Gateway  
  18  1:46  Probe (Chrono Boost)  
  19  1:50  Assimilator  
  19  2:08  Pylon  
  19  2:13  Probe (Chrono Boost)  
  20  2:26  Cybernetics Core  
  20  2:38  Probe (Chrono Boost)  
  21  2:54  Probe (Chrono Boost)  
  22  3:07  Stalker (Chrono Boost)  
  23  3:10  Probe (Chrono Boost)  
  23  3:11  Pylon  
  23  3:13  Stalker (Chrono Boost)  
  27  3:45  Probe  
  29  3:50  Stalker (Chrono Boost)  
  29  4:02  Probe  
  30  4:19  Warp Gate (Chrono Boost)  
  30  4:29  Nexus  
  30  4:44  Robotics Facility  
  30  4:49  Probe  
  31  4:57  Assimilator  
  31  5:15  Probe  
  32  5:30  Stalker x2, Pylon  
  36  5:42  Probe  
  37  5:54  Immortal (Chrono Boost)  
  37  6:05  Probe  
  42  6:18  Twilight Council  
  42  6:25  Robotics Bay  
  42  6:28  Probe  
  43  6:34  Assimilator  
  43  6:51  Probe  
  43  6:53  Observer (Chrono Boost)  
  45  7:03  Probe  
  45  7:08  Probe  
  47  7:24  Pylon  
  45  7:30  Colossus (Chrono Boost)  
  45  7:37  Stalker x2  
  55  8:17  Probe  
  56  8:31  Extended Thermal Lance (Chrono Boost)  
  56  8:33  Colossus (Chrono Boost)  
  56  8:34  Twilight Council  
  56  8:42  Probe  
  63  8:50  Probe  
  62  9:14  Robotics Facility  
  62  9:18  Gateway  
  54  9:20  Gateway  
  48  9:42  Zealot  
  48  9:43  Zealot  
  52  9:52  Probe  
  52  9:53  Templar Archives  
  53  10:03  Probe  
  54  10:16  Dark Shrine  
  54  10:17  Probe  
  54  10:19  Colossus (Chrono Boost)  
  61  10:34  Immortal (Chrono Boost)  
  61  10:35  Probe  
  61  10:46  Probe, Charge  
  61  10:47  High Templar  
  61  10:48  High Templar  
  70  10:55  Pylon  
  70  11:06  Forge  
  70  11:13  Shield Battery  
  70  11:20  Archon, Probe  
  70  11:24  High Templar  
  70  11:25  High Templar  
  75  11:30  Archon  
  73  11:48  High Templar x2  
  75  11:54  Archon  
  75  12:00  Probe  
  76  12:11  Photon Cannon  
  76  12:14  Photon Cannon  
  76  12:24  Photon Cannon  
  76  12:28  Photon Cannon  
  76  12:34  Warp Prism (Chrono Boost)  
  76  12:38  Protoss Ground Weapons Level 1 (Chrono Boost)  
  78  12:44  Pylon  
  78  13:04  Observer (Chrono Boost)  
  78  13:08  Pylon  
  78  13:09  Probe  
  80  13:11  Pylon  
  80  13:13  Pylon  
  80  13:46  Stalker x4  
  88  13:55  Colossus (Chrono Boost)  
  94  14:08  Forge  
  92  14:12  Pylon  
  92  14:19  Zealot x3  
  98  14:35  Probe  
  98  14:38  Probe  
  100  14:54  High Templar x3  
  100  14:55  High Templar  
  108  15:01  Archon x2  
  106  15:35  Probe  
  105  15:52  Gateway  
  105  15:53  Nexus  
  105  15:55  Gateway  
  105  15:58  Zealot  
  107  16:00  Gateway  
  107  16:04  Photon Cannon  
  107  16:12  Photon Cannon  
  105  16:23  Blink  
  105  16:26  Zealot  
  105  16:27  Zealot  
  109  16:42  Pylon  
  109  17:20  Zealot x6  
  109  17:21  Zealot  
  109  17:29  Assimilator  
Tags
 
Add a new tag
Caveats
  • Supply blocks, unpowered buildings, or Contaminate may cause inaccurate times.
  • Supply counts are checked every 10 seconds.